 Dungeon Crawl Stone Soup version 0.28-a0-1629-gf728b707aa (webtiles) character file.

Game seed: 15474949517811267190

133 vineage the Skirmisher (level 5, -1/34 HPs)
             Began as a Gargoyle Fighter on Jan 24, 2022.
             Slain by an orc (2 damage)
             ... while paralysed by Grinder
             ... on level 3 of the Dungeon.
             The game lasted 00:02:46 (2707 turns).

vineage the Skirmisher (Gargoyle Fighter)           Turns: 2707, Time: 00:02:47

Health: -1/34      AC: 16    Str: 20    XL:     5   Next: 16%
Magic:  5/5        EV:  2    Int:  8    God:
Gold:   1241       SH:  0    Dex: 11    Spells: 4/4 levels left

rFire   . . .      SeeInvis .   a - +1 flail
rCold   . . .      Faith    .   c - +0 buckler
rNeg    + . .      Spirit   .   o - +0 plate armour
rPois   ∞          Reflect  .   (no helmet)
rElec   +          Harm     .   i - +0 cloak
rCorr   .          Rampage  .   (no gloves)
Will    .....                   (no boots)
Stlth   ..........              (no amulet)
HPRegen 0.11/turn               (no ring)
MPRegen 0.09/turn               (no ring)

@: paralysed, on berserk cooldown, slowed
A: sickness immunity, AC +4, negative energy resistance 1, electricity
resistance, torment resistance 1, petrification resistance
a: no special abilities


You were on level 3 of the Dungeon.
You visited 1 branch of the dungeon, and saw 3 of its levels.

You collected 1241 gold pieces.

Inventory:

Hand Weapons
 a - a +1 flail (weapon)
Armour
 b - a +0 scale mail
 c - a +0 buckler (worn)
 i - a +0 cloak (worn)
 o - a +0 plate armour (worn)
Wands
 j - a wand of polymorph (9)
 k - a wand of flame (13)
Scrolls
 l - a scroll of identify
Potions
 d - a potion of might
 e - 2 potions of haste {unknown}
 f - a potion of mutation {unknown}
 g - a potion of heal wounds {unknown}
 h - a potion of berserk rage
 m - 2 potions of ambrosia {unknown}


   Skills:
 * Level 4.7 Fighting
 + Level 2.9 Maces & Flails
 + Level 4.0 Armour
 + Level 4.0 Shields


You had 4 spell levels left.
You didn't know any spells.
Your spell library was empty.

Dungeon Overview and Level Annotations

Branches:
Dungeon (3/15)

Altars:

Annotations:
D:3 Grinder


Innate Abilities, Weirdness & Mutations

You are immune to sickness and miasma.
Your stone body is resilient. (AC +4)
You are immune to poison.
You resist negative energy. (rN+)
You are resistant to electric shocks. (rElec)
You are resistant to unholy torment.
You are immune to petrification.


Message History

An orc comes into view.
It is wielding a +1 hand axe of freezing.
The orc shouts!
Grinder grins, showing sharp teeth.
Grinder hits you but does no damage. Grinder gestures at you.
You resist with significant effort.
The orc drinks a potion.
The orc suddenly seems more resistant.
Grinder hits you.
You writhe in agony.
You can move again.
Unknown command.
You barely miss Grinder.
Grinder is lightly wounded.
Grinder hits you. Grinder hits you but does no damage.
You barely miss Grinder.
Grinder is lightly wounded.
Grinder hits you but does no damage.
Grinder says, "Just stop there for a second..."
Grinder hits you but does no damage.
You hit Grinder.
Grinder is lightly wounded.
Grinder hits you.
* * * LOW HITPOINT WARNING * * *
You writhe in agony.
* * * LOW HITPOINT WARNING * * *
The orc completely misses you. Grinder hits you but does no damage.
You block the orc's attack.
You barely miss the orc. Grinder gestures at you.
You suddenly lose the ability to move!
The orc hits you but does no damage. Grinder gestures at you.
You barely resist. The orc hits you but does no damage.
Grinder hits you but does no damage. The orc hits you but does no damage.
Grinder hits you but does no damage. The orc hits you but does no damage.
Grinder hits you but does no damage. The orc hits you but does no damage.
Grinder hits you but does no damage. The orc hits you but does no damage.
Grinder hits you but does no damage.
The orc hits you with a +1 hand axe of freezing.
* * * LOW HITPOINT WARNING * * *
The orc freezes you.
You die...

##.######.#.#####..'(.#........).
##.######.#.# #..####..###...##
............# +........# ##.##
##.#........# #........# #.#
#.#.####...# ##..####..# #..
#.#†####...# #...# #..# ####
#.#........# #...+ #..#
#.#.####.#.####5o.# #..# #.#.#
##.#.PP.P@.## #... ##.#.#
#..#.......# P...#
#....###.##.#)##..+
.......#....#..#..#
#....#)#....#..#..#
##.(........####..#
###....)....P.P..#
#............... ##..............


You could see Grinder and an orc (resistant).

Vanquished Creatures
  Robin (D:3)
  6 adders
  A worm (D:2)
  3 dart slugs (D:1)
  5 orcs
  A bat (D:1)
  6 endoplasms
  A giant cockroach (D:2)
  9 goblins
  4 hobgoblins
  3 quokkas
  3 ball pythons (D:1)
  2 frilled lizards (D:1)
  3 kobolds
  5 rats (D:1)
53 creatures vanquished.

Notes
Turn   | Place    | Note
-------+----------+-------------------------------------------
     0 | D:1      | vineage the Gargoyle Fighter began the quest for the Orb.
     0 | D:1      | Reached XP level 1. HP: 14/14 MP: 1/1
   302 | D:1      | Reached XP level 2. HP: 8/19 MP: 2/2
   771 | D:1      | Reached XP level 3. HP: 21/24 MP: 3/3
  1483 | D:2      | Identified a scroll of acquirement
  1483 | D:2      | Acquired 1147 gold pieces
  1701 | D:2      | Found a faded altar of an unknown god.
  1709 | D:2      | Reached XP level 4. HP: 26/29 MP: 4/4
  2270 | D:3      | Noticed Robin
  2291 | D:3      | Killed Robin
  2440 | D:3      | Reached XP level 5. HP: 34/34 MP: 5/5
  2661 | D:3      | Noticed Grinder
  2663 | D:3      | Paralysed by Grinder for 7 turns
  2674 | D:3      | Paralysed by Grinder for 3 turns
  2688 | D:3      | Paralysed by Grinder for 2 turns
  2693 | D:3      | Paralysed by Grinder for 6 turns
  2702 | D:3      | Paralysed by Grinder for 7 turns
  2707 | D:3      | HP: 1/34 [orc (4)]
  2707 | D:3      | Slain by an orc

Illustrated notes

Levels and vault maps discovered:
D:1:      lemuel_arrival_rhombus, layout_basic
D:2:      layout_basic, ebering_ecumenical_altar_webs, minmay_door_square
D:3:      corexii_shack_village, layout_loops_ring, uniq_robin, uniq_grinder,
          uniq_crazy_yiuf_cottage

Skill      XL: |  1  2  3  4 |
---------------+-------------+-----
Fighting       | 4 |  4.7
Shields        | 4 |  4.0
Armour         | 4 |  4.0
Maces & Flails | |  2.9

Action                   |  1- 3 |  4- 6 || total
-------------------------+-------+-------++-------
Melee: Flail             |    97 |   102 ||   199
  Use: Scroll            |     7 |     2 ||     9
       Potion            |       |     1 ||     1
Armor: Scale mail        |    58 |    43 ||   101
       Plate armour      |       |    41 ||    41
Dodge: Dodged            |    43 |    38 ||    81
Block: Buckler           |    12 |    23 ||    35

Table legend: (Time is in decaauts)
 A = Elapsed time spent in this place.
 B = Non-inter-level travel time spent in this place.
 C = Inter-level travel time spent in this place.
 D = Time resting spent in this place.
 E = Time spent auto-exploring this place.
 F = Levels seen in this place.
 G = Mean time per level.
                   A        B        C        D        E       F      G
               +--------+--------+--------+--------+--------+-----+--------+
         Total |   2771 |   2573 |    198 |      0 |   2096 |   3 |  923.7 |
       Dungeon |   2771 |   2573 |    198 |      0 |   2096 |   3 |  923.7 |
               +--------+--------+--------+--------+--------+-----+--------+

Top non-repeatable levels by time:
     D:1: 1221 daAuts
     D:2: 971 daAuts
     D:3: 578 daAuts
